 Dungeon Crawl Stone Soup version 0.21-a0-401-g0b6bec4 (webtiles) character file.

52 Annonymus the Poker (level 3, 0/33 HPs)
             Began as a Draconian Berserker on Oct 25, 2017.
             Was a Believer of Trog.
             Slain by a bullfrog (8 damage)
             ... on level 2 of the Dungeon.
             The game lasted 00:12:56 (1274 turns).

Annonymus the Poker (Draconian Berserker)           Turns: 1274, Time: 00:12:57

Health: 0/33       AC:  5    Str: 19 (20) XL:     3   Next: 60%
Magic:  3/3        EV: 12    Int:  4 (7)  God:    Trog [**....]
Gold:   114        SH:  0    Dex:  8 (10) Spells: 2/2 levels left

rFire    . . .     SeeInvis .   a - +1 spear
rCold    . . .     Gourm    .   (no shield)
rNeg     . . .     Faith    .   (armour unavailable)
rPois    .         Spirit   .   (helmet restricted)
rElec    .         Reflect  .   (no cloak)
rCorr    .         Harm     .   (no gloves)
MR       .....                  (no boots)
Stlth    +.........             (no amulet)
HPRegen  0.11/turn              (no ring)
MPRegen  0.08/turn              (no ring)

@: berserk cooldown, slowed, invisible, very slow
A: unfitting armour, cold-blooded, AC +5
a: Berserk, Trog's Hand, Burn Spellbooks, Renounce Religion


You were on level 2 of the Dungeon.
You worshipped Trog.
Trog was pleased with you.
You were near starving.

You visited 1 branch of the dungeon, and saw 3 of its levels.

You collected 114 gold pieces.

Inventory:

Hand Weapons
 a - a +1 spear (weapon)
 d - a +0 hand axe
 i - a cursed -1 hunting sling
 l - a +0 short sword
 m - a +0 hunting sling
Missiles
 f - 33 stones (quivered)
 h - 45 sling bullets
 s - 3 javelins
Jewellery
 p - an uncursed ring of wizardry {unknown}
Scrolls
 g - a scroll of identify {unknown}
 q - a scroll of random uselessness {unknown}
Potions
 c - 2 potions of degeneration
Comestibles
 b - 4 bread rations
 k - 7 chunks of flesh
 n - a royal jelly


   Skills:
 + Level 3.7 Fighting
 + Level 3.8 Polearms
 + Level 3.1 Dodging
 + Level 0.2 Stealth


You had 2 spell levels left.
You didn't know any spells.

Dungeon Overview and Level Annotations

Branches:
Dungeon (3/15)

Altars:


Innate Abilities, Weirdness & Mutations

Your plain brown scales are hard. (AC +5)
You cannot fit into any form of body armour.
You are cold-blooded and may be slowed by cold attacks.


Message History

It was a potion of heal wounds.
You feel much better. The bullfrog hits you. The bullfrog hits you!
As you read the scroll labeled GICEOT QOMIUNT, it crumbles to dust.
The scroll dissolves into smoke.
It was a scroll of fog.
The bullfrog's inner flame fades away.
The bullfrog hits you but does no damage.
The bullfrog hits you. The bullfrog hits you.
As you read the scroll labeled ROEPNO EMYDI, it crumbles to dust.
It is a scroll of enchant weapon.
Your +0 spear glows red for a moment.
The bullfrog hits you. x2
* * * LOW HITPOINT WARNING * * *
It was a potion of curing.
You feel better. The bullfrog misses you. The bullfrog hits you!
* * * LOW HITPOINT WARNING * * *
The bullfrog hits you but does no damage.
It was a potion of invisibility.
You fade into invisibility!
The bullfrog hits you!
You die...

#####.###.####.# #..#
#.....# #...)..###...
#.###.###.##....)....
#.# #.....##...###...
#.# ###.#####..###...
#.#####.### #..#.....
#.##§§....# #..#.#.##
#.##§####.# #..#.#.##
#.##@# #.# #..#.#.##
#.##F# #.# #........
#.##§####.###.#..#...
#..§§§........#.####.
####.####............
#.# #######.##### #.#
##<# #.# #..# #.#
#.##


You could see a bullfrog.

Vanquished Creatures
  An adder (D:2)
  2 leopard geckos (D:1)
  12 bats
  3 giant cockroaches
  5 goblins
  A hobgoblin (D:2)
  6 kobolds
  2 quokkas (D:2)
  A ball python (D:1)
  4 frilled lizards
  4 rats
41 creatures vanquished.

Notes
Turn   | Place    | Note
-------+----------+-------------------------------------------
     0 | D:1      | Annonymus the Draconian Berserker began the quest for the Orb.
     0 | D:1      | Reached XP level 1. HP: 19/19 MP: 1/1
   190 | D:1      | Reached XP level 2. HP: 26/26 MP: 2/2
   820 | D:1      | Reached ** piety under Trog
   820 | D:1      | Reached XP level 3. HP: 30/31 MP: 3/3
  1239 | D:2      | Noticed a bullfrog
  1274 | D:2      | Slain by a bullfrog

Vault maps used:
D:1:      dpeg_arrival_simpleton_b, minmay_tiny_reverse_x
D:2:      uniq_crazy_yiuf_cottage, uniq_terence
D:3:      nicolae_overflow_crystal_walls

Skill      XL: |  1  2 |
---------------+-------+-----
Dodging        | 3 |  3.1
Fighting       | |  3.7
Polearms       | |  3.8
Stealth        | |  0.2

Action                   || total
-------------------------++-------
Melee: Spear             ||   152
       Tailslap          ||    19
Invok: Berserk           ||     1
       Trog's Hand       ||     1
  Use: Potion            ||     4
       Scroll            ||     3
 Stab: Sleeping          ||     2
  Eat: Chunk             ||     1
Armor: Skin              ||    52
Dodge: Dodged            ||    92

Table legend:
 A = Spawn XP
 B = Non-spawn XP
 C = Spawn XP percentage of total XP
 D = Spawn monster count
 E = Non-spawn monster count
 F = Spawn count percentage of total count
 G = Total turns spent on level
                    A         B        C        D         E        F      G
               +---------+---------+-------+---------+---------+-------+---------
         Total |       0 |      75 |   0.0 |       0 |      41 |   0.0 |  1274
               +---------+---------+-------+---------+---------+-------+---------
           D:1 |       0 |      44 |   0.0 |       0 |      29 |   0.0 |   874
           D:2 |       0 |      31 |   0.0 |       0 |      12 |   0.0 |   396
               +---------+---------+-------+---------+---------+-------+---------
